AoeStats
← CLEMENTE

Lombardia

509807644Analyzed
2v2 RM · 3d ago on Sep 28, 2026· 49m 40s· 4 players
Game mode
Random Map
Map size
Medium (4 player)
Population
200
Speed
Normal
Resources
Standard
Victory
Conquest
Starting age
Dark Age
Ending age
Imperial Age
RankedLock teamsTeams togetherTeam positionsShared explorationLock speedFull tech treeHidden civsTurbo modeCheats
Victory
Defeat
🇲🇽 Spanish · Mexico
688
+12
🇨🇱 Teutons · Chile
600
+15
🇺🇸 Franks · United States
662
-16
🇺🇸 Goths · United States
515
-11
Raphael
0:50 Loom
13:13 Feudal Age
13:56 Double-Bit Axe
15:30 Horse Collar
17:44 Gold Mining
17:44 Stone Mining
23:24 Castle Age
24:51 Bow Saw
24:44 Heavy Plow
24:51 Fletching
28:44 Wheelbarrow
30:09 Hand Cart
31:31 Husbandry
35:00 Bloodlines
37:46 Imperial Age
36:22 Ballistics
37:25 Padded Archer Armor
37:37 Forging
37:33 Scale Barding Armor
37:49 Cavalier
39:37 Paladin
41:08 Iron Casting
41:27 Chain Barding Armor
41:23 Leather Archer Armor
42:14 Conscription
43:32 Blast Furnace
43:08 Plate Barding Armor
44:05 Ring Archer Armor
44:55 Chemistry
45:51 Elite Conquistador
48:10 Hoardings
CLEMENTE
3:55 Loom
13:38 Feudal Age
14:12 Horse Collar
14:20 Double-Bit Axe
15:47 Wheelbarrow
19:33 Man-at-Arms
24:22 Castle Age
23:48 Gold Mining
25:10 Scale Mail Armor
25:22 Forging
28:52 Bloodlines
29:03 Hand Cart
30:13 Heavy Plow
30:25 Bow Saw
32:10 Chain Mail Armor
33:13 Stone Mining
40:26 Imperial Age
38:19 Ballistics
42:53 Chemistry
43:56 Iron Casting
43:52 Plate Mail Armor
44:10 Conscription
44:15 Ironclad
43:58 Cavalier
45:16 Crop Rotation
47:31 Stone Shaft Mining
48:48 Elite Teutonic Knight
Dean is Mean23
13:01 Feudal Age
13:38 Double-Bit Axe
17:05 Man-at-Arms
27:19 Castle Age
26:39 Forging
30:18 Bow Saw
38:38 Light Cavalry
43:01 Gold Mining
43:04 Stone Mining
44:25 Iron Casting
47:35 Imperial Age
44:57 Loom
45:48 Wheelbarrow
48:03 Pikeman
48:25 Cavalier
48:41 Elite Throwing Axeman
I Touch Farm Animals
10:02 Loom
14:44 Feudal Age
14:53 Man-at-Arms
16:39 Scale Mail Armor
18:46 Forging
20:36 Scale Barding Armor
25:54 Double-Bit Axe
25:50 Horse Collar
26:02 Gold Mining
26:04 Stone Mining
28:31 Castle Age
28:53 Long Swordsman
29:56 Chain Mail Armor
30:04 Chain Barding Armor
30:47 Squires
31:26 Iron Casting
33:25 Murder Holes
39:13 Imperial Age
37:46 Bow Saw
39:27 Heavy Plow
40:38 Two-Handed Swordsman
42:10 Perfusion
41:34 Pikeman
44:48 Champion
Connection lost

Rejoining the realm…

Still unreachable

The connection could not be restored.

Session expired

The server has moved on; the page needs a fresh start.